 Dungeon Sprint DCSS version 0.27-a0-1154-gfdeffcb720 (webtiles) character file.

Game seed: 7475975868095795935

9300000 Zeld the Champion of Chaos (level 27, -56/224 HPs)
             Began as an Octopode Gladiator on May 14, 2021.
             Was the Champion of Makhleb.
             Annihilated by a large bag of meat
             ... wielding a +9 giant spiked club
              (95 damage)
             ... in the Dungeon (Sprint VIII: "Arena of Blood").
             The game lasted 00:05:26 (93 turns).

Zeld the Champion of Chaos (Octopode Gladiator)       Turns: 93, Time: 00:05:27

Health: -56/224    AC:  1    Str: 24    XL:     27
Magic:  18/54      EV: 28    Int: 11    God:    Makhleb [******]
Gold:   0          SH:  0    Dex: 15    Spells: 80/80 levels left

rFire    . . .     SeeInvis .   i - +∞ Axe of Woe
rCold    . . .     Faith    .   (shield currently unavailable)
rNeg     . . .     Spirit   .   a - +0 hat
rPois    .         Reflect  .   (no amulet)
rElec    .         Harm     .   b - +250 ring of slaying
rCorr    .         Rampage  .   (no ring)
Will     ++...     NoTele   +   r - +250 ring of slaying
Stlth    ++++++++++             q - +250 ring of slaying
HPRegen  0.47/turn              (no ring)
MPRegen  0.34/turn              (no ring)
                                (no ring)
                                (no ring)

@: no status effects
A: almost no armour, amphibious, 8 rings, camouflage 1, gelatinous body 1,
(nimble swimmer 1), tentacles
a: Renounce Religion, Minor Destruction, Lesser Servant of Makhleb, Major
Destruction, Greater Servant of Makhleb


You were in the Dungeon.
You worshipped Makhleb.
Makhleb was exalted by your worship.
You visited 1 branch

Inventory:

Hand Weapons
 i - the +∞ Axe of Woe (weapon)
   (You found it in the Dungeon)
Armour
 a - a +0 hat (worn)
Jewellery
 b - a +250 ring of slaying (left tentacle)
 m - a +30 ring of slaying
 n - a +30 ring of slaying
 o - a +30 ring of slaying
 p - a +30 ring of slaying
 q - a +250 ring of slaying (on tentacle)
 r - a +250 ring of slaying (on tentacle)
Scrolls
 h - a scroll of blinking
Potions
 c - a potion of curing
 d - a potion of heal wounds
 e - a potion of haste
 f - 2 potions of magic
 g - a potion of berserk rage


   Skills:
 O Level 27 Fighting
 * Level 25.3(27) Short Blades
 * Level 25.2(27) Long Blades
 O Level 27 Axes
 O Level 27 Maces & Flails
 O Level 27 Polearms
 O Level 27 Staves
 O Level 27 Slings
 * Level 25.4 Bows
 * Level 25.2 Crossbows
 O Level 27 Throwing
 O Level 27 Dodging
 O Level 27 Stealth
 * Level 25.2 Shields
 O Level 27 Unarmed Combat
 O Level 27 Spellcasting
 * Level 25.5 Conjurations
 * Level 25.4 Hexes
 * Level 25.2 Summonings
 * Level 25.3 Necromancy
 * Level 25.3 Translocations
 * Level 25.3 Transmutations
 * Level 25.3 Fire Magic
 * Level 25.2 Ice Magic
 * Level 25.4 Air Magic
 * Level 25.2 Earth Magic
 O Level 27 Poison Magic
 O Level 27 Invocations
 O Level 27 Evocations


You had 80 spell levels left.
You didn't know any spells.
Your spell library was empty.

Dungeon Overview and Level Annotations

Branches:
Dungeon (1/1)

Altars:
Makhleb


Innate Abilities, Weirdness & Mutations

You cannot wear most types of armour.
You are amphibious.
You can wear up to eight rings at the same time.
Your skin changes colour to match your surroundings (Stealth+).
Your rubbery body absorbs attacks. (AC +1, EV +1)
((You are camouflaged near water. (Stealth+)))
You have tentacles for arms and can constrict up to eight enemies at once.


Message History

Unknown command.
You dice the meat berserker like an onion!!!!!!
You fatally mangle the meat berserker.
You kill the meat berserker!
Makhleb accepts your kill.
You feel better.
You are engulfed in blazing flames.
You hear a shout!
The meat berserker rages.
You hear a shout! x5
An eight-headed meat hydra comes into view.
You hear a shout! x3
Your base Long Blades skill increases to level 25!
Your Crossbows skill increases to level 25!
Your Shields skill increases to level 25!
Your Summonings skill increases to level 25!
Your Transmutations skill increases to level 25!
Your Fire Magic skill increases to level 25!
Your Ice Magic skill increases to level 25!
Your Earth Magic skill increases to level 25!
You have mastered Evocations!
Press: ? - help, v - describe, . - travel, g - get item
Items here: ( )) == ††.
A staircase leading out of the dungeon, spattered with blood.
There is a cloud of flame here.
Okay, then.
Drop what? 16/52 slots (_ for help) (? for menu, Esc to quit)
You remove your +30 ring of slaying.
You are engulfed in blazing flames.
You hear a shout! x5
The large bag of meat is engulfed in blazing flames.
You hear a shout! x2
You drop a +30 ring of slaying.
You are engulfed in blazing flames.
You hear a shout! x5
The meat berserker is engulfed in blazing flames.
The meat berserker hits you with a +9 battleaxe!!!!
You hear a shout! x3
The large bag of meat is engulfed in blazing flames.
The large bag of meat hits you with a +9 giant spiked club!!!
* * * LOW HITPOINT WARNING * * *
The large bag of meat hits you with a +9 giant spiked club!!!!
You die...

W.... ... #...
..# . #... ..#
. ..###...
..###..
......###......
......_......
#ooo§.# #_§@O°#
#.)§Oo#
.....§§§o....
......###..oMo.
..###...
..###.○ . #...
..# . #... ..#
..... ...


You could see an accursed, a large bag of meat (inner flame), a dread
(wandering), a meat berserker (berserk) and 7 bags of meat.

Vanquished Creatures
  2 hell beasts (D)
  A royal mummy (D)
  2 wraiths (D)
  7 vampire knights (D)
  22 ogres (D)
  2 two-headed ogres (D)
  2 liches (D)
  A hydra (D)
  21 orcs (D)
  A phantom (D)
  6 skeletal warriors (D)
67 creatures vanquished.

Notes
Turn   | Place    | Note
-------+----------+-------------------------------------------
     0 | D        | Found the +∞ Axe of Woe
     0 | D        | Zeld the Octopode Gladiator began the quest for the Orb.
     0 | D        | Reached XP level 1. HP: 14/14 MP: 1/1
     2 | D        | Noticed a bag of meat
     4 | D        | Became a worshipper of Makhleb the Destroyer
     5 | D        | Noticed a bag of meat
     9 | D        | Noticed a bag of meat
    10 | D        | Noticed a bag of meat
    11 | D        | Noticed a bag of meat
    11 | D        | Noticed a bag of meat
    11 | D        | Noticed a meat berserker
    12 | D        | Noticed a bag of meat
    13 | D        | Noticed a bag of meat
    13 | D        | Noticed a bag of meat
    13 | D        | Noticed a bag of meat
    14 | D        | Noticed a bag of meat
    15 | D        | Noticed a meat berserker
    16 | D        | Killed a meat berserker
    16 | D        | Noticed a bag of meat
    17 | D        | Reached XP level 2. HP: 19/19 MP: 1/13
    17 | D        | Reached XP level 3. HP: 24/24 MP: 1/14
    17 | D        | Reached XP level 4. HP: 29/29 MP: 1/16
    17 | D        | Reached XP level 5. HP: 34/34 MP: 1/17
    17 | D        | Reached XP level 6. HP: 39/39 MP: 1/19
    17 | D        | Reached XP level 7. HP: 45/45 MP: 1/20
    17 | D        | Reached XP level 8. HP: 50/50 MP: 1/22
    17 | D        | Reached XP level 9. HP: 54/54 MP: 1/23
    17 | D        | Reached XP level 10. HP: 60/60 MP: 1/24
    17 | D        | Reached XP level 11. HP: 64/64 MP: 1/25
    17 | D        | Reached XP level 12. HP: 70/70 MP: 1/26
    17 | D        | Reached XP level 13. HP: 74/74 MP: 1/27
    17 | D        | Killed a bag of meat
    17 | D        | Reached * piety under Makhleb
    17 | D        | Killed a bag of meat
    17 | D        | Noticed a meat berserker
    18 | D        | Reached XP level 14. HP: 41/81 MP: 1/29
    18 | D        | Noticed a meat berserker
    18 | D        | Killed a bag of meat
    18 | D        | Noticed a meat berserker
    19 | D        | Reached XP level 15. HP: 43/85 MP: 1/31
    19 | D        | Reached ** piety under Makhleb
    20 | D        | Reached XP level 16. HP: 67/90 MP: 1/33
    20 | D        | Killed a meat berserker
    21 | D        | Reached skill level 27 in Dodging
    21 | D        | Reached skill level 27 in Invocations
    21 | D        | Reached *** piety under Makhleb
    22 | D        | Reached XP level 17. HP: 129/129 MP: 1/34
    23 | D        | Killed a meat berserker
    23 | D        | Noticed a destroyer
    23 | D        | Noticed a destroyer
    25 | D        | Killed a meat berserker
    26 | D        | Reached skill level 27 in Fighting
    26 | D        | Reached skill level 27 in Axes
    26 | D        | Reached XP level 18. HP: 163/163 MP: 2/35
    28 | D        | Killed a destroyer
    28 | D        | Reached **** piety under Makhleb
    29 | D        | Reached skill level 27 in Maces & Flails
    29 | D        | Reached XP level 19. HP: 170/170 MP: 3/36
    29 | D        | Killed a destroyer
    30 | D        | Reached XP level 20. HP: 177/177 MP: 3/37
    30 | D        | Noticed a meat berserker
    31 | D        | Killed a meat berserker
    31 | D        | Reached ***** piety under Makhleb
    32 | D        | Reached skill level 27 in Polearms
    32 | D        | Reached skill level 10 in Staves
    32 | D        | Noticed a destroyer
    35 | D        | Reached XP level 21. HP: 183/183 MP: 4/38
    36 | D        | Killed a meat berserker
    37 | D        | Reached skill level 27 in Staves
    42 | D        | Killed a destroyer
    43 | D        | Reached skill level 27 in Unarmed Combat
    43 | D        | Reached XP level 22. HP: 190/190 MP: 6/39
    43 | D        | Reached ****** piety under Makhleb
    49 | D        | Noticed a tyrant
    51 | D        | Reached skill level 27 in Throwing
    51 | D        | Reached XP level 23. HP: 197/197 MP: 8/40
    51 | D        | Noticed a tyrant
    60 | D        | Noticed a dread
    61 | D        | Noticed an accursed
    62 | D        | Reached skill level 27 in Slings
    62 | D        | Killed a tyrant
    62 | D        | Killed a tyrant
    63 | D        | Reached skill level 27 in Spellcasting
    63 | D        | Reached XP level 24. HP: 204/204 MP: 10/54
    63 | D        | Killed a dread
    64 | D        | Reached skill level 27 in Stealth
    64 | D        | Reached XP level 25. HP: 193/210 MP: 10/54
    66 | D        | Reached skill level 10 in Poison Magic
    66 | D        | Noticed a dread
    67 | D        | Noticed a destroyer
    67 | D        | Noticed a destroyer
    67 | D        | Noticed a meat beast
    68 | D        | Noticed a large bag of meat
    68 | D        | Killed a destroyer
    69 | D        | Reached skill level 10 in Long Blades
    69 | D        | Reached skill level 10 in Bows
    69 | D        | Reached skill level 10 in Crossbows
    69 | D        | Reached skill level 10 in Summonings
    69 | D        | Reached skill level 10 in Translocations
    69 | D        | Reached skill level 10 in Transmutations
    69 | D        | Reached skill level 10 in Fire Magic
    69 | D        | Reached skill level 10 in Ice Magic
    69 | D        | Reached skill level 10 in Earth Magic
    70 | D        | Reached XP level 26. HP: 205/217 MP: 12/54
    71 | D        | Killed an accursed
    72 | D        | Reached skill level 15 in Evocations
    72 | D        | Killed a meat beast
    73 | D        | Reached XP level 27. HP: 177/224 MP: 13/54
    74 | D        | Noticed a large bag of meat
    77 | D        | Noticed a destroyer
    77 | D        | Noticed a destroyer
    78 | D        | Killed a dread
    79 | D        | Killed a large bag of meat
    80 | D        | Killed a destroyer
    80 | D        | Noticed a meat beast
    81 | D        | Noticed a large bag of meat
    82 | D        | Killed a destroyer
    82 | D        | Killed a meat beast
    85 | D        | Killed a destroyer
    87 | D        | Reached skill level 27 in Poison Magic
    88 | D        | Killed a large bag of meat
    90 | D        | Noticed an accursed
    92 | D        | Reached skill level 27 in Evocations
    92 | D        | Noticed a dread
    93 | D        | Annihilated by a large bag of meat

Illustrated notes

Levels and vault maps discovered:
D:        meatsprint

Skill      XL: |  1  2  3  4  5  6  7  8  9 10 11 12 13 14 15 16 17 18 19 20 21 22 23 24 25 26 27 |
---------------+----------------------------------------------------------------------------------+-----
Axes           | 18 21 22 24 26 27 | 27.0
Dodging        | 19 21 22 24 27 | 27.0
Invocations    | 20 23 24 26 27 | 27.0
Fighting       | 16 27 | 27.0
Maces & Flails | 8 27 | 27.0
Polearms       | 9 23 27 | 27.0
Staves         | 23 27 | 27.0
Unarmed Combat | 27 | 27.0
Throwing       | 17 27 | 27.0
Slings         | 13 27 | 27.0
Spellcasting   | 27 | 27.0
Stealth        | 22 27 | 27.0
Short Blades   | 6 12 16 25 | 25.3
Long Blades    | 6 11 16 25 | 25.2
Bows           | 6 11 16 25 | 25.4
Crossbows      | 6 11 16 25 | 25.2
Shields        | 6 12 16 25 | 25.2
Conjurations   | 6 12 17 25 | 25.5
Hexes          | 6 12 16 25 | 25.4
Summonings     | 6 11 16 25 | 25.2
Necromancy     | 6 12 16 25 | 25.3
Translocations | 6 11 16 25 | 25.3
Transmutations | 6 11 16 25 | 25.3
Fire Magic     | 6 11 16 25 | 25.3
Ice Magic      | 6 11 16 25 | 25.2
Air Magic      | 6 12 16 25 | 25.4
Earth Magic    | 6 11 16 25 | 25.2
Poison Magic   | 7 13 19 27 | 27.0
Evocations     | 7 12 18 27 | 27.0

Action                   |  1- 3 |  4- 6 |  7- 9 | 10-12 | 13-15 | 16-18 | 19-21 | 22-24 | 25-27 || total
-------------------------+-------+-------+-------+-------+-------+-------+-------+-------+-------++-------
Melee: Executioner's axe |     1 |       |       |       |     3 |     6 |     7 |    10 |    19 ||    46
Invok: Lesser Servant of |       |       |       |       |       |     1 |       |       |       ||     1
       Greater Servant o |       |       |       |       |       |       |       |       |     3 ||     3
 Stab: Distracted        |       |       |       |       |       |       |       |       |     1 ||     1
Dodge: Dodged            |     1 |       |       |       |       |       |       |     2 |       ||     3

Table legend: (Time is in decaauts)
 A = Elapsed time spent in this place.
 B = Non-inter-level travel time spent in this place.
 C = Inter-level travel time spent in this place.
 D = Time resting spent in this place.
 E = Time spent auto-exploring this place.
 F = Levels seen in this place.
 G = Mean time per level.
                   A        B        C        D        E       F      G
               +--------+--------+--------+--------+--------+-----+--------+
         Total |     78 |     78 |      0 |      0 |      0 |   1 |   78.0 |
       Dungeon |     78 |     78 |      0 |      0 |      0 |   1 |   78.0 |
               +--------+--------+--------+--------+--------+-----+--------+

Top non-repeatable levels by time:
       D: 78 daAuts
